 Dungeon Crawl Stone Soup version 0.26-a0-259-g1effd001a9 (webtiles) character file.

Game seed: 1091630090711551107

6918 drasked the Destroyer (level 10, -2/59 HPs)
             Began as a Deep Elf Conjurer on July 15, 2020.
             Was a Priest of Vehumet.
             Hit by a javelin thrown by Urug (14 damage)
             ... on level 10 of the Dungeon.
             The game lasted 00:33:34 (13797 turns).

drasked the Destroyer (Deep Elf Conjurer)          Turns: 13797, Time: 00:33:35

Health: -2/59      AC:  7    Str:  4    XL:     10   Next: 79%
Magic:  16/19      EV: 16    Int: 27    God:    Vehumet [***...]
Gold:   511        SH:  4    Dex:  9    Spells: 13/19 levels left

rFire    . . .     SeeInvis .   x - staff of conjuration {!a!a}
rCold    + + .     Faith    +   G - +0 buckler
rNeg     . . .     Spirit   .   a - +0 robe
rPois    .         Reflect  .   s - +1 helmet
rElec    .         Harm     .   (no cloak)
rCorr    .                      (no gloves)
MR       +....                  H - +2 pair of boots {Fly}
Stlth    ++........             m - amulet of faith {Faith, !PFaith, !P}
HPRegen  0.19/turn              v - ring of Memm {rC+ Dex-4}
MPRegen  0.16/turn              I - ring of protection from cold {rC+, !d}

@: flying
A: no striking features
a: Renounce Religion, Stop Flying


You were on level 10 of the Dungeon.
You worshipped Vehumet.
Vehumet was most pleased with you.
You were not hungry.

You visited 2 branches of the dungeon, and saw 11 of its levels.
You also visited: Ossuary.

You collected 511 gold pieces.

Inventory:

Missiles
 h - 40 poisoned darts (quivered)
 u - 9 javelins
Armour
 a - a +0 robe (worn)
 s - a +1 helmet (worn)
   (You took it off Robin on level 4 of the Dungeon)
 G - a +0 buckler (worn)
   (You found it on level 6 of the Dungeon)
 H - a +2 pair of boots of flying (worn)
   (You found it on level 7 of the Dungeon)
Magical Staves
 x - an uncursed staff of conjuration (weapon) {!a!a}
   (You found it on level 5 of the Dungeon)
Jewellery
 g - an uncursed ring of fire {rF+, rC-rF+, rC-}
   (You found it on level 2 of the Dungeon)
 m - an amulet of faith (around neck) {Faith, !PFaith, !P}
   (You found it on level 3 of the Dungeon)
 v - the ring of Memm (left hand) {rC+ Dex-4}
   (You found it on level 5 of the Dungeon)

   [ring of dexterity]

   It affects your dexterity (-4).
   It protects you from cold.
 I - a ring of protection from cold (right hand) {rC+, !d}
   (You found it on level 2 of the Dungeon)
Wands
 o - a wand of paralysis (6)
   (You took it off Ijyb on level 4 of the Dungeon)
 p - a wand of enslavement (10)
   (You found it on level 3 of the Dungeon)
 D - a wand of digging (4)
   (You took it off Edmund on level 6 of the Dungeon)
Scrolls
 d - 3 scrolls of immolation {!r!r}
 f - a scroll of fog
 i - a scroll of identify
 r - 3 scrolls of enchant armour
 t - a scroll of teleportation
 w - 2 scrolls of remove curse
 F - 4 scrolls of amnesia
Potions
 b - a potion of stabbing
 j - a potion of berserk rage {!q!q}
 k - 6 potions of flight
 n - a potion of resistance
 q - 6 potions of curing
 A - 3 potions of lignification {!q!q}
 B - 2 potions of cancellation
Comestibles
 e - 26 rations


   Skills:
 - Level 5.0 Fighting
 - Level 10.0 Dodging
 - Level 2.4 Stealth
 - Level 4.0 Shields
 - Level 5.0 Spellcasting
 + Level 13.1 Conjurations


You had 13 spell levels left.
You knew the following spells:

 Your Spells              Type           Power        Failure   Level
a - Magic Dart            Conj           ####         1%          1
b - Searing Ray           Conj           ######       1%          2
c - Dazzling Flash        Conj/Hex       ######       1%          3

Your spell library contained the following spells:

 Spells                   Type           Power        Failure   Level
 Static Discharge         Conj/Air       ######..     1%          3
 Fulminant Prism          Conj/Hex       ######....   1%          4
 Iskenderun's Mystic Bla  Conj/Tloc      ######..     1%          4
 Ignite Poison            Fire/Tmut/Pois #.......     6%          3
 Passwall                 Tmut/Erth      #.......     11%         2
 Yara's Violent Unravell  Hex/Tmut       #.........   43%         5
 Summon Ice Beast         Ice/Summ       #.......     56%         4
 Hydra Form               Tmut           #.........   100%        6


Dungeon Overview and Level Annotations

Branches:
Dungeon (10/15)            Temple (1/1) D:6         Ossuary (visited)
   Lair: D:8-11         Orc: D:9-12

Altars:
Ashenzari
Cheibriados
Dithmenos
Elyvilon
Fedhas
Gozag
Hepliaklqana
Kikubaaqudgha
Makhleb
Nemelex Xobeh
Okawaru
Qazlal
Ru
Sif Muna
Trog
Uskayaw
Vehumet
Wu Jian
Xom
Yredelemnul
Zin
The Shining One
Beogh
Jiyva

Shops:
D:9 *

Annotations:
D:3 3 runed translucent doors, Terence; iles's ghost, amateur GnWn
D:10 3 runed translucent doors, Urug; Yorgos's ghost, journeyman CeHu


Message History

The searing ray hits the wight! (Press . to maintain the ray.)
You block the centaur zombie's attack.
The searing ray hits the centaur zombie!
The searing ray hits the wight!
You destroy the wight!
You feel your power returning. The centaur zombie misses you.
The centaur zombie hits you but does no damage.
The searing ray hits the centaur zombie.
The centaur zombie misses you.
The searing ray hits the centaur zombie!
You finish channeling your searing ray.
The centaur zombie closely misses you.
Aim: a centaur zombie (almost destroyed)
You feel a surge of power!
The searing ray hits the centaur zombie!
You destroy the centaur zombie! (Press . to maintain the ray.)
There is a stone staircase leading up here.
You see here a bullfrog corpse.
u - 9 javelins (gained 2)
A worker ant comes into view.
You see here a bullfrog corpse.
There is a stone staircase leading up here.
Aim: a worker ant You feel a surge of power!
The magic dart hits the worker ant.
Aim: a worker ant (heavily wounded)
You feel a surge of power!
The magic dart hits the worker ant.
Aim: a worker ant (almost dead)
You feel a surge of power!
The magic dart hits the worker ant but does no damage.
The worker ant barely misses you.
Aim: a worker ant (almost dead)
You feel a surge of power!
The magic dart hits the worker ant.
The worker ant bites you but does no damage.
The worker ant misses you.
Aim: a worker ant (almost dead)
You feel a surge of power!
The magic dart hits the worker ant.
You kill the worker ant!
You start resting.
Your magical contamination has completely faded away.
You start resting.
The wight is too close now for your liking.
Things that are here:
a cursed +0 battleaxe; a +0 robe A wight is nearby!
Aim: a wight, wielding a +4 mace and wearing a +0 robe You feel a surge of power!
The magic dart hits the wight but does no damage.
Aim: a wight, wielding a +4 mace and wearing a +0 robe You feel a surge of power!
The magic dart hits the wight.
Aim: a wight, wielding a +4 mace and wearing a +0 robe (moderately damaged)
You feel a surge of power!
The searing ray hits the wight! (Press . to maintain the ray.)
The searing ray hits the wight!
You destroy the wight!
You feel your power returning.
Your Conjurations skill increases to level 13!
You start resting.
Things that are here:
a cursed +0 battleaxe; a +0 robe
Things that are here:
a +4 mace; a +0 robe
e - 26 rations (gained 2)
You now have 511 gold pieces (gained 18).
A meliai comes into view. It is wielding a +0 broad axe.
The meliai buzzes angrily.
The meliai invokes the aid of its god against you.
Something smites you!
There are monsters nearby!
The meliai mumbles some strange prayers to its god against you.
Something smites you!
As you read the scroll of teleportation, it crumbles to dust.
You feel strangely unstable.
Aim: a meliai, wielding a +0 hand axe and wearing a +0 leather armour You feel a surge of power!
The searing ray misses the meliai. (Press . to maintain the ray.)
The meliai closely misses you. The meliai misses you.
The searing ray hits the meliai!
The meliai hits you with a +0 hand axe.
* * * LOW HITPOINT WARNING * * *
You block the meliai's attack. The meliai misses you.
The meliai closely misses you.
The searing ray hits the meliai!
The meliai mumbles some strange prayers to its god against you.
Something smites you!
* * * LOW HITPOINT WARNING * * *
The meliai closely misses you. The meliai barely misses you.
You hear an angry buzzing noise.
The searing ray hits the meliai!
You kill the meliai!
You feel your power returning.
You finish channeling your searing ray.
Your surroundings suddenly seem different.
Found a stone staircase leading down.
A quokka comes into view.
Urug zaps a wand.
The mass of ice explodes!
The iceblast engulfs you! You partially resist.
* * * LOW HITPOINT WARNING * * *
You hear a croak.
You hear two shouts!
You hear an angry hiss.
You hear a croak.
Urug throws a javelin.
The javelin pierces through you!
You die...

#..........# ..
....#.
..#o..r......##.
......
#.#.............
.......
#.............#
........
......>.......#..
......
................
.......
#............#
.......
#...........#
..?....
#.#....@.....#
.......
#.#...######
......# #...#.#
##.... #......
##... #..##..
#... #..# #...
#... #... #...
#... ... #....
#... #...


You could see Urug and a quokka.

Levels and vault maps discovered:
D:1:      dpeg_arrival_three_same_balls, layout_loops_corners,
          nrook_mini_backslash, minmay_misc_feat_square, kennysheep_flooded_box,
          st_stairs_14, minmay_hedge_maze
D:2:      layout_loops_ring, first_ration, minmay_curled_crystal, uniq_natasha
D:3:      layout_loops_ring, bloody_makhleb, biasface_ghost_orc_armoury,
          uniq_terence
D:4:      layout_loops_ring, lemuel_crystal_altar, tgw_trog,
          kennysheep_mini_moat, gammafunk_temple_overflow_statue, nrook_uturn,
          uniq_ijyb, uniq_eustachio, uniq_robin
D:5:      layout_basic, kennysheep_okawaru_gauntlet
D:6:      layout_loops_ring, vehumet_statue, nicolae_ru_sacrificial_ziggurat,
          minmay_temple_entry_poolview, chequers_ossuary_entry_cave, uniq_edmund
D:7:      layout_rooms, basic_altar, corexii_corridor_pit
D:8:      layout_basic, nicolae_qazlal_general_emergency, zin_statuary
D:9:      layout_rooms, nicolae_gozag_zags_fifth_avenue
D:10:     layout_rooms, biasface_ghost_orc_armoury, the_bakery,
          grunt_ministairs_9, minmay_circle_x, uniq_urug, uniq_psyche
Temple:   pf_slime_end_temple

Notes
Turn   | Place    | Note
-------+----------+-------------------------------------------
     0 | D:1      | drasked the Deep Elf Conjurer began the quest for the Orb.
     0 | D:1      | Reached XP level 1. HP: 10/10 MP: 6/6
   157 | D:1      | Identified a +0 whip
   358 | D:1      | Reached XP level 2. HP: 15/15 MP: 6/8
   386 | D:1      | Reached skill level 5 in Conjurations
   390 | D:1      | Learned a level 2 spell: Searing Ray
   634 | D:1      | Identified a +0 club
   938 | D:1      | Identified a +0 dagger
   940 | D:1      | Identified a +0 dagger
   948 | D:1      | Reached XP level 3. HP: 19/19 MP: 4/9
   962 | D:1      | Identified a +0 short sword
  1102 | D:1      | Identified a +0 dagger
  1198 | D:1      | Identified a +0 whip
  1693 | D:2      | Reached skill level 6 in Conjurations
  2014 | D:2      | Reached XP level 4. HP: 24/24 MP: 6/10
  2017 | D:2      | Identified a +0 club
  2019 | D:2      | Noticed Natasha
  2406 | D:2      | Identified a +0 club
  2466 | D:2      | Killed Natasha
  2701 | D:2      | Noticed Natasha
  2705 | D:2      | Killed Natasha
  2705 | D:2      | Reached skill level 7 in Conjurations
  2705 | D:2      | Reached XP level 5. HP: 28/28 MP: 6/11
  2797 | D:2      | Noticed Natasha
  2805 | D:2      | Killed Natasha
  2973 | D:2      | Identified a ring of fire (You found it on level 2 of the
                  | Dungeon)
  2974 | D:2      | Identified a ring of protection from cold (You found it on
                  | level 2 of the Dungeon)
  3053 | D:3      | Identified a +0 whip
  3053 | D:3      | Identified a cursed +0 leather armour
  3054 | D:3      | Identified a +0 short sword
  3054 | D:3      | Identified a +0 leather armour
  3204 | D:3      | Identified a +0 trident
  3204 | D:3      | Identified a +0 chain mail
  3204 | D:3      | Noticed Terence
  3234 | D:3      | Identified a +0 club
  3261 | D:3      | Found a runed translucent gate.
  3261 | D:3      | Found a runed translucent gate.
  3261 | D:3      | Identified a +0 flail
  3261 | D:3      | Identified a cursed +0 club
  3261 | D:3      | Noticed iles's ghost (amateur GnWn)
  3262 | D:3      | Found a runed translucent gate.
  3262 | D:3      | Identified a cursed -1 dagger
  3262 | D:3      | Identified a +0 leather armour
  3262 | D:3      | Identified a +0 mace
  3262 | D:3      | Identified the +6 dagger of Exquisite Death {vorpal, +Fly
                  | rN++ Int+3 Stlth+}
  3262 | D:3      | Identified a +2 ring mail
  3263 | D:3      | Identified a +0 dagger
  3263 | D:3      | Identified a +0 ring mail
  3268 | D:3      | Found a burning altar of Makhleb.
  3370 | D:3      | Identified a +0 hand axe
  3575 | D:3      | Identified a +0 club
  3575 | D:3      | Identified a cursed +0 flail
  3575 | D:3      | Identified a +0 chain mail
  3587 | D:3      | Found a roughly hewn altar of Beogh.
  3962 | D:4      | Identified a +0 leather armour
  3962 | D:4      | Noticed Ijyb
  3970 | D:4      | Killed Ijyb
  4088 | D:4      | Reached skill level 8 in Conjurations
  4088 | D:4      | Reached XP level 6. HP: 32/32 MP: 6/12
  4095 | D:4      | Identified an uncursed amulet of faith (You found it on
                  | level 3 of the Dungeon)
  4095 | D:4      | Identified a ring of protection (You found it on level 4 of
                  | the Dungeon)
  4096 | D:4      | Identified 4 scrolls of identify
  4096 | D:4      | Identified 2 potions of curing
  4097 | D:4      | Identified 2 scrolls of remove curse
  4129 | D:4      | Identified a +0 short sword
  4129 | D:4      | Identified a +0 leather armour
  4160 | D:4      | Identified a +0 dagger
  4160 | D:4      | Identified a +0 robe
  4162 | D:4      | Identified a +0 dagger
  4167 | D:4      | Identified a +0 dagger
  4167 | D:4      | Identified a +0 robe
  4460 | D:4      | Got a brightly glowing ring mail
  4520 | D:4      | Found a glowing golden altar of the Shining One.
  4584 | D:4      | Identified a +0 rapier
  4584 | D:4      | Identified a +0 leather armour
  4584 | D:4      | Noticed Eustachio
  4589 | D:4      | Identified a +0 flail
  4593 | D:4      | Killed Eustachio
  4593 | D:4      | Reached skill level 9 in Conjurations
  4593 | D:4      | Reached XP level 7. HP: 36/36 MP: 1/13
  4739 | D:4      | Identified a +0 dagger
  4742 | D:4      | Identified a +0 short sword
  4747 | D:4      | Identified a +0 dagger
  4759 | D:4      | Identified a +0 club
  4820 | D:4      | Identified a +0 dagger
  4958 | D:4      | Identified a +0 dagger
  4958 | D:4      | Identified a +0 club
  4960 | D:4      | Identified a +0 club
  4963 | D:4      | Identified a +0 dagger
  4963 | D:4      | Identified a +1 animal skin
  4963 | D:4      | Identified a +0 helmet
  4963 | D:4      | Noticed Robin
  4968 | D:4      | Killed Robin
  4969 | D:4      | Identified a +0 club
  4969 | D:4      | Identified a +2 hunting sling of freezing
  5167 | D:4      | Found a shadowy altar of Dithmenos.
  5175 | D:4      | Identified a +0 trident
  5228 | D:4      | Identified a cursed -3 whip
  5228 | D:4      | Identified a +0 ring mail
  5228 | D:4      | Identified a +0 mace
  5232 | D:4      | Identified a +0 mace
  5251 | D:4      | Identified a +0 dagger
  5251 | D:4      | Identified a +0 chain mail
  5262 | D:4      | Identified a +0 short sword of holy wrath
  5302 | D:5      | Entered Level 5 of the Dungeon
  5419 | D:4      | Identified a +0 dagger
  5419 | D:4      | Identified a +0 leather armour
  5488 | D:4      | Found a basalt altar of Yredelemnul.
  5488 | D:4      | Found a hazy altar of Hepliaklqana.
  5490 | D:4      | Reached skill level 10 in Conjurations
  5561 | D:4      | Identified a +0 leather armour
  5668 | D:4      | Noticed a moth of wrath
  5671 | D:4      | Found a bloodstained altar of Trog.
  5917 | D:4      | Identified the cursed +0 ring mail of Mirth {Regen+ Slay+3}
                  | (You found it on level 4 of the Dungeon)
  5935 | D:4      | Identified a +0 robe
  6163 | D:5      | Identified a +0 club
  6414 | D:5      | Got a faintly glowing tin ring
  6428 | D:5      | Found an iron altar of Okawaru.
  6428 | D:5      | Identified a +0 spear
  6428 | D:5      | Identified a cursed -2 spear
  6655 | D:5      | Identified the Guide on Changing and the Frostbite
  7031 | D:5      | Identified the cursed ring of Memm {rC+ Dex-4} (You found
                  | it on level 5 of the Dungeon)
  7032 | D:5      | Identified a potion of stabbing
  7033 | D:5      | Identified a potion of resistance
  7034 | D:5      | Identified a potion of heal wounds
  7035 | D:5      | Identified a potion of flight
  7036 | D:5      | Identified a potion of berserk rage
  7058 | D:6      | Identified a scroll of fog
  7059 | D:6      | Identified 2 scrolls of teleportation
  7084 | D:6      | Identified a scroll of enchant armour
  7085 | D:6      | Identified a scroll of random uselessness
  7086 | D:6      | Identified a scroll of amnesia
  7131 | D:6      | Noticed a wyvern
  7136 | D:6      | Killed a wyvern
  7136 | D:6      | Reached skill level 11 in Conjurations
  7136 | D:6      | Reached XP level 8. HP: 41/41 MP: 5/14
  7210 | D:6      | Found a sand-covered staircase.
  7221 | Ossuary  | Entered an ossuary
  7711 | Ossuary  | Learned a level 3 spell: Dazzling Flash
  8098 | D:6      | Identified a +0 giant club
  8103 | D:6      | Reached skill level 1 in Fighting
  8103 | D:6      | Reached skill level 3 in Dodging
  8192 | D:6      | Found a radiant altar of Vehumet.
  8202 | D:6      | Became a worshipper of Vehumet
  8204 | D:6      | Reached skill level 1 in Shields
  8311 | D:6      | Found a sacrificial altar of Ru.
  8749 | D:6      | Found a staircase to the Ecumenical Temple.
  8750 | D:6      | Identified a +2 vorpal flail
  8750 | D:6      | Identified a +1 chain mail of poison resistance
  8750 | D:6      | Noticed Edmund
  8757 | D:6      | Killed Edmund
  8771 | Temple   | Entered the Ecumenical Temple
  8959 | D:6      | Identified an amulet of inaccuracy (You found it on level 6
                  | of the Dungeon)
  8964 | D:6      | Identified a ring of attention (You found it on level 6 of
                  | the Dungeon)
  9044 | D:7      | Identified a +0 giant spiked club
  9049 | D:7      | Reached skill level 2 in Fighting
  9049 | D:7      | Reached skill level 4 in Dodging
  9094 | D:7      | Reached skill level 2 in Shields
  9200 | D:7      | Identified a +0 spear
  9247 | D:7      | Identified a +0 whip
  9247 | D:7      | Identified a +0 robe
  9250 | D:7      | Identified a +0 flail
  9253 | D:7      | Identified a +0 whip
  9421 | D:7      | Noticed a hippogriff
  9428 | D:7      | Killed a hippogriff
  9428 | D:7      | Reached skill level 5 in Dodging
  9428 | D:7      | Reached XP level 9. HP: 49/49 MP: 5/15
  9544 | D:7      | Found a hazy altar of Hepliaklqana.
  9561 | D:7      | Identified a +2 pair of boots of flying (You found it on
                  | level 7 of the Dungeon)
  9810 | D:8      | Identified a +0 giant club
  9810 | D:8      | Identified a cursed -2 giant club
  9810 | D:8      | Noticed a two-headed ogre
 10061 | D:7      | Killed a two-headed ogre
 10061 | D:7      | Reached skill level 3 in Fighting
 10061 | D:7      | Reached skill level 6 in Dodging
 10061 | D:7      | Reached skill level 3 in Shields
 10151 | D:8      | Identified a +0 club
 10151 | D:8      | Identified a +0 vorpal hand axe
 10151 | D:8      | Identified a +0 leather armour
 10156 | D:8      | Identified a +0 dagger
 10156 | D:8      | Identified a +0 robe
 10165 | D:8      | Reached * piety under Vehumet
 10165 | D:8      | Offered knowledge of Foxfire by Vehumet.
 10167 | D:8      | Identified a +0 giant club
 10167 | D:8      | Identified a +0 giant club
 10167 | D:8      | Noticed a two-headed ogre
 10379 | D:8      | Identified a +0 shortbow
 10386 | D:8      | Reached skill level 4 in Fighting
 10386 | D:8      | Reached skill level 4 in Shields
 10429 | D:8      | Identified a +0 buckler (You found it on level 6 of the
                  | Dungeon)
 10461 | D:8      | Identified a +0 giant spiked club
 10522 | D:8      | Reached skill level 7 in Dodging
 10623 | D:8      | Found a stormy altar of Qazlal.
 10688 | D:8      | Killed a two-headed ogre
 10688 | D:8      | Reached skill level 5 in Fighting
 10688 | D:8      | Reached skill level 8 in Dodging
 10688 | D:8      | Reached XP level 10. HP: 59/59 MP: 6/16
 11050 | D:8      | Reached skill level 9 in Dodging
 11224 | D:8      | Found a glowing silver altar of Zin.
 11381 | D:8      | Identified 4 potions of degeneration
 11382 | D:8      | Identified 3 potions of lignification
 11383 | D:8      | Identified 2 potions of cancellation
 11386 | D:8      | Identified 4 scrolls of immolation
 11398 | D:9      | Found an opulent altar of Gozag.
 11401 | D:9      | Found Gozag's Platinum Reserve.
 11606 | D:9      | Identified a +0 hand axe
 11615 | D:9      | Identified a +1 flail of holy wrath
 11615 | D:9      | Identified a +0 club
 11623 | D:9      | Offered knowledge of Shock by Vehumet.
 11671 | D:9      | Reached ** piety under Vehumet
 11684 | D:9      | Identified a +0 dagger
 11684 | D:9      | Identified a +0 robe
 11726 | D:9      | Identified a +0 dagger
 11726 | D:9      | Identified a +0 robe
 11734 | D:9      | Identified a +0 flail
 11735 | D:9      | Identified a +0 trident
 11875 | D:9      | Identified a +0 dagger
 11875 | D:9      | Identified a +0 robe
 11875 | D:9      | Identified a +0 dagger
 11875 | D:9      | Identified a +0 robe
 11875 | D:9      | Identified a +0 short sword
 11875 | D:9      | Identified a +0 club
 11875 | D:9      | Identified a +0 leather armour
 11875 | D:9      | Identified a +0 club
 11924 | D:8      | Reached skill level 10 in Dodging
 12602 | D:10     | Entered Level 10 of the Dungeon
 12602 | D:10     | Identified a +2 glaive
 12602 | D:10     | Identified a +0 chain mail
 12602 | D:10     | Noticed Urug
 12605 | D:10     | Reached skill level 4 in Spellcasting
 12630 | D:10     | Identified a +0 hand axe
 12630 | D:10     | Identified a +0 leather armour
 12633 | D:10     | Found a runed translucent gate.
 12633 | D:10     | Found a runed translucent gate.
 12633 | D:10     | Noticed Yorgos's ghost (journeyman CeHu)
 12634 | D:10     | Found a runed translucent gate.
 12634 | D:10     | Identified a +0 mace of draining
 12634 | D:10     | Identified a +0 chain mail
 12634 | D:10     | Identified a cursed +0 short sword
 12634 | D:10     | Identified a +0 leather armour
 12634 | D:10     | Identified the +7 trident of Uruelora {vamp, Str+4 Int+2}
 12634 | D:10     | Identified a +4 plate armour
 12636 | D:10     | Identified a +0 dagger
 12646 | D:10     | Reached skill level 12 in Conjurations
 12647 | D:10     | Identified a +0 hand axe
 12647 | D:10     | Identified a +0 fustibalus
 12647 | D:10     | Identified a +0 leather armour
 12652 | D:10     | Reached skill level 5 in Spellcasting
 12653 | D:10     | Offered knowledge of Static Discharge by Vehumet.
 12654 | D:10     | Identified a +0 whip
 12764 | D:10     | Identified a +0 club
 12764 | D:10     | Identified the +6 leather armour of Rumud {rF+ Int+4}
 12765 | D:10     | Identified a +0 mace
 12765 | D:10     | Identified a +0 chain mail
 12766 | D:10     | Identified a +0 mace
 12773 | D:10     | Identified a +0 giant club
 12880 | D:10     | Identified a cursed +0 club
 12882 | D:10     | Identified a +5 trident
 12882 | D:10     | Identified a +0 robe
 12884 | D:10     | Identified a +0 short sword
 12885 | D:10     | Identified a +4 mace
 12885 | D:10     | Identified a +0 robe
 12886 | D:10     | Identified a cursed +2 spear
 12886 | D:10     | Identified a +0 robe
 12889 | D:10     | Identified a +0 club
 12889 | D:10     | Identified a cursed -1 leather armour
 12939 | D:10     | Reached *** piety under Vehumet
 12949 | D:10     | Identified a +0 war axe
 12949 | D:10     | Identified a +0 robe
 12960 | D:10     | Identified a +0 hand axe
 12960 | D:10     | Identified a +0 leather armour
 12961 | D:10     | Identified a cursed -2 short sword
 12961 | D:10     | Identified a +0 robe
 13250 | D:10     | HP: 9/59 [meliai/divine providence (15)]
 13250 | D:10     | HP: 4/59 [meliai/+0 war axe (5)]
 13252 | D:10     | HP: 1/59 [meliai/+0 war axe (2)]
 13451 | D:9      | Identified 3 scrolls of noise
 13452 | D:9      | Identified 2 scrolls of torment
 13598 | D:9      | Identified a scroll of blinking
 13599 | D:9      | Identified a scroll of fear
 13600 | D:9      | Identified a scroll of magic mapping
 13602 | D:9      | Identified a potion of mutation
 13621 | D:10     | Identified a cursed +0 battleaxe
 13621 | D:10     | Identified a +0 robe
 13715 | D:10     | Reached skill level 13 in Conjurations
 13784 | D:10     | Identified a +0 broad axe
 13784 | D:10     | Identified a +0 leather armour
 13795 | D:10     | Identified an uncursed ring of resist corrosion
 13796 | D:10     | HP: 12/59 [Urug/iceblast (9)]
 13797 | D:10     | Hit by a javelin thrown by Urug

Table legend:
 A = Turns spent in this place as a percentage of turns spent in the entire game.
 B = Non-inter-level travel turns spent in this place as a percentage of non-inter-level travel turns spent in the entire game.
 C = Inter-level travel turns spent in this place as a percentage of turns spent in this place.
 D = Turns resting spent in this place as a percentage of non-inter-level travel turns spent in this place.
 E = Turns spent auto-exploring this place as a percentage of non-inter-level travel turns spent in this place.
 F = Non-inter-level travel turns spent in this place divided by the number of levels of this place that you've seen.
                   A       B       C       D       E      F
               +-------+-------+-------+-------+-------+----------------------
         Total | 100.0 | 100.0 |   3.0 |  47.2 |  38.8 | 1114.8
       Dungeon |  95.1 |  95.1 |   3.0 |  47.4 |  39.0 | 1272.2
        Temple |   1.3 |   1.2 |  11.4 |  17.7 |  72.0 | 164.0
       Ossuary |   3.6 |   3.7 |   0.0 |  53.2 |  21.2 | 491.0
               +-------+-------+-------+-------+-------+----------------------

Table legend:
 A = Kills in this place as a percentage of kills in entire the game.
 B = Kills by you in this place as a percentage of kills by you in the entire game.
 C = Kills by friends in this place as a percentage of kills by friends in the entire game.
 D = Other kills in this place as a percentage of other kills in the entire game.
 E = Experience gained in this place as a percentage of experience gained in the entire game.
 F = Experience gained in this place divided by the number of levels of this place that you have seen.
                   A       B       C       D       E      F
               +-------+-------+-------+-------+-------+----------------------
         Total | 100.0 | 100.0 |   N/A |   N/A | 100.0 | 823.6
       Dungeon |  95.8 |  95.8 |   N/A |   N/A |  97.2 | 960.6
       Ossuary |   4.2 |   4.2 |   N/A |   N/A |   2.8 | 277.0
               +-------+-------+-------+-------+-------+----------------------

Skill      XL: |  1  2  3  4  5  6  7  8  9 10 |
---------------+-------------------------------+-----
Conjurations   | 5 6 7 8 9 11 13 | 13.1
Fighting       | 2 5 |  5.0
Dodging        | 5 8 10 | 10.0
Shields        | 2 4 |  4.0
Spellcasting   | 5 |  5.0
Stealth        | |  2.4

Action                   |  1- 3 |  4- 6 |  7- 9 | 10-12 || total
-------------------------+-------+-------+-------+-------++-------
Melee: Dagger            |    10 |       |       |       ||    10
 Cast: Magic Dart        |    77 |   112 |   169 |    50 ||   408
       Searing Ray       |       |     6 |    70 |    50 ||   126
       Dazzling Flash    |       |       |     1 |       ||     1
  Use: Scroll            |       |     2 |    14 |    11 ||    27
       Potion            |       |       |       |     2 ||     2
  Eat: Ration            |     1 |     3 |     5 |     3 ||    12
Armor: Robe              |     3 |     6 |    13 |    10 ||    32
Dodge: Dodged            |     8 |    25 |    33 |    74 ||   140
Block: Buckler           |       |       |       |    21 ||    21

Vanquished Creatures
  2 two-headed ogres
  2 meliai
  A hippogriff (D:7)
  Eustachio (D:4)
  3 wyverns
  4 yaks (D:10)
  Edmund (D:6)
  A black bear (D:8)
  4 ice beasts
  A hornet zombie (D:9)
  2 sky beasts
  An eye of draining (D:10)
  4 ogres
  A centaur (D:8)
  A big kobold (D:10)
  4 bullfrogs
  A wyvern zombie (D:9)
  A scorpion (D:4)
  6 killer bees (D:9)
  4 wights (D:10)
  2 howler monkeys
  2 bullfrog skeletons
  6 centaur zombies
  4 hounds
  2 orc priests
  A gnoll shaman (D:7)
  A centaur skeleton (D:9)
  2 human zombies (Ossuary)
  2 jellies
  7 orc wizards
  Ijyb (D:4)
  3 iguanas
  Natasha (thrice) (D:2)
  A statue (D:6)
  5 worker ants
  3 mummies (Ossuary)
  Robin (D:4)
  8 adders
  8 gnolls
  A howler monkey skeleton (D:4)
  2 shadow imps
  4 white imps
  An ufetubus (D:6)
  An ooze (D:2)
  2 adder skeletons
  5 worms
  5 dart slugs
  4 leopard geckos
  27 orcs
  10 bats
  10 giant cockroaches
  2 gnoll zombies (Ossuary)
  21 goblins
  5 hobgoblins
  18 jackals
  12 kobolds
  4 quokkas
  4 frilled lizards
  A jackal zombie (D:5)
  A kobold zombie (Ossuary)
  2 leopard gecko skeletons
  14 rats
263 creatures vanquished.
